 Dungeon Crawl Stone Soup version 0.28.0 (webtiles) character file.

Game seed: 15945311287312162439

1633 crazypyro the Cleaver (level 8, -9/69 HPs)
             Began as a Minotaur Fighter on Feb 9, 2022.
             Was an Initiate of Gozag.
             Killed from afar by a gargoyle (19 damage)
             ... with a stone arrow
             ... on level 6 of the Dungeon.
             The game lasted 00:04:57 (6272 turns).

crazypyro the Cleaver (Minotaur Fighter)            Turns: 6272, Time: 00:04:58

Health: -9/69      AC:  8    Str: 23    XL:     8   Next: 66%
Magic:  7/7        EV:  9    Int:  5    God:    Gozag
Gold:   355        SH:  9    Dex: 10    Spells: 7/7 levels left

rFire   . . .      SeeInvis .   a - +1 war axe (elec)
rCold   . . .      Faith    .   g - +1 kite shield
rNeg    . . .      Spirit   .   b - +0 scale mail
rPois   .          Reflect  .   (helmet restricted)
rElec   .          Harm     .   (no cloak)
rCorr   .          Rampage  .   n - +0 pair of gloves
Will    .....                   (no boots)
Stlth   ..........              (no amulet)
HPRegen 0.21/turn               (no ring)
MPRegen 0.10/turn               (no ring)

@: mighty
A: horns 2, retaliatory headbutt
a: Renounce Religion, Potion Petition, Call Merchant, Bribe Branch


You were on level 6 of the Dungeon.
You worshipped Gozag.
Gozag was aware of your devotion.
You visited 2 branches of the dungeon, and saw 7 of its levels.
You also visited: Sewer.

You collected 453 gold pieces.
You paid 98 gold pieces to Gozag.

Inventory:

Hand Weapons
 a - a +1 war axe of electrocution (weapon)
Missiles
 q - a throwing net (quivered)
Armour
 b - a +0 scale mail (worn)
 c - a +0 buckler
 g - a +1 kite shield (worn)
 n - a +0 pair of gloves (worn)
Jewellery
 f - a +4 ring of protection
Wands
 m - a wand of flame (8)
Scrolls
 j - 4 scrolls of identify
 o - 2 scrolls of magic mapping
 r - a scroll of immolation {unknown}
 s - a scroll of enchant weapon
 t - a scroll of enchant armour
 u - a scroll of summoning {unknown}
 w - a scroll of teleportation {unknown}
 x - a scroll of blinking {unknown}
Potions
 d - 3 potions of might
 e - a potion of attraction
 h - a potion of magic {unknown}
 i - 3 potions of heal wounds {unknown}
 k - a potion of lignification {unknown}
 l - 4 potions of brilliance {unknown}
 p - 3 potions of invisibility {unknown}
 v - a potion of curing {unknown}
 z - a potion of haste {unknown}


   Skills:
 + Level 5.5 Fighting
 * Level 11.8 Axes
 - Level 4.0 Armour
 - Level 3.0 Dodging
 + Level 4.2 Shields


You had 7 spell levels left.
You didn't know any spells.
Your spell library contained the following spells:

 Spells                   Type           Power      Damage    Failure   Level
 Sandblast                Erth           0%         2d4       98%         1
 Summon Small Mammal      Summ           0%         N/A       98%         1
 Passwall                 Tmut/Erth      0%         N/A       99%         2
 Call Canine Familiar     Summ           0%         N/A       100%        3
 Stone Arrow              Conj/Erth      0%         3d7       100%        3
 Summon Guardian Golem    Hex/Summ       0%         N/A       100%        3


Dungeon Overview and Level Annotations

Branches:
Dungeon (6/15)             Temple (1/1) D:5           Sewer (visited)

Altars:
Ashenzari
Cheibriados
Dithmenos
Elyvilon
Fedhas
Gozag
Hepliaklqana
Kikubaaqudgha
Makhleb
Nemelex Xobeh
Qazlal
Ru
Sif Muna
Uskayaw
Vehumet
Wu Jian
Xom
Zin
The Shining One

Annotations:
D:4 2 transporters
D:6 Prince Ribbit


Innate Abilities, Weirdness & Mutations

You have a pair of horns on your head.
You reflexively headbutt those who attack you in melee.


Message History

An iguana comes into view.
An iguana is nearby!
The iguana closely misses you.
You slash the iguana!
The iguana is moderately wounded.
The iguana bites you.
The iguana bites you but does no damage.
You hit the iguana but do no damage. Your headbutt misses the iguana.
The iguana is moderately wounded.
You block the iguana's attack.
You slash the iguana!
You kill the iguana!
No target in view!
No target in view!
You now have 355 gold pieces (gained 5).
A gargoyle comes into view. It is wielding a +0 mace.
Prince Ribbit comes into view.
Prince Ribbit croaks.
Prince Ribbit blinks!
The gargoyle hits you with a +0 mace!!
You hit the gargoyle.
The gargoyle is lightly damaged.
Prince Ribbit blinks!
The gargoyle hurls a stone arrow at you.
The stone arrow hits you!!
You are too injured to fight recklessly!
You are too injured to fight recklessly!
You are too injured to fight recklessly!
Unknown command.
You feel very mighty all of a sudden.
Prince Ribbit blinks!
The gargoyle hits you with a +0 mace!
* * * LOW HITPOINT WARNING * * *
You are too injured to fight recklessly!
You are too injured to fight recklessly!
You are too injured to fight recklessly!
You hit the gargoyle but do no damage. Your headbutt misses the gargoyle.
The gargoyle is lightly damaged.
The gargoyle hurls a stone arrow at you.
The stone arrow hits you!!
You die...
Your body crumbles into a pile of gold.

#........≈.....
#........≈.≈≈≈≈
#........≈.....
#........≈≈≈≈≈≈
########..............
#.....................
#.....................
#......§..............
#....@................
#...9.....F...........
#.....................
#.....................
#.....................
#.....#########.......
#.....# #.......
#.....# #.......
#.[.....


You could see Prince Ribbit and a gargoyle.

Vanquished Creatures
  A water moccasin (D:4)
  Pargi (Sewer)
  An ogre (D:5)
  An ice beast (D:5)
  2 phantoms
  Blork the orc (D:5)
  A kobold brigand (D:6)
  A scorpion (D:5)
  4 wights (D:6)
  2 howler monkeys
  A gnoll shaman (D:5)
  2 hounds
  3 bullfrog skeletons
  3 centaur skeletons (D:5)
  4 iguanas
  2 orc wizards (D:4)
  5 gnolls (D:5)
  A howler monkey skeleton (D:4)
  11 adders
  2 worms
  2 dart slugs (D:3)
  4 orcs (D:4)
  11 ball pythons
  8 endoplasms
  6 giant cockroaches
  4 goblins
  10 hobgoblins
  11 jackals
  12 kobolds
  3 quokkas
  6 bats
  7 frilled lizards
  2 rats (D:4)
135 creatures vanquished.

Notes
Turn   | Place    | Note
-------+----------+-------------------------------------------
     0 | D:1      | crazypyro the Minotaur Fighter began the quest for the Orb.
     0 | D:1      | Reached XP level 1. HP: 19/19 MP: 0/0
     1 | D:1      | Noticed an electric eel
   116 | D:1      | Reached XP level 2. HP: 27/27 MP: 1/1
   202 | D:1      | Reached skill level 3 in Axes
   212 | D:1      | Found a faded altar of an unknown god.
  1046 | D:2      | Reached XP level 3. HP: 26/33 MP: 2/2
  1484 | D:2      | Reached skill level 4 in Axes
  1807 | D:2      | Reached XP level 4. HP: 40/40 MP: 3/3
  2202 | D:3      | Reached skill level 5 in Axes
  2278 | D:3      | Found a glowing silver altar of Zin.
  2382 | D:3      | Reached XP level 5. HP: 46/46 MP: 4/4
  2665 | D:4      | Reached skill level 6 in Axes
  2702 | D:4      | Reached skill level 7 in Axes
  2708 | D:4      | Reached XP level 6. HP: 11/52 MP: 5/5
  3045 | D:4      | Found a glowing drain.
  3050 | Sewer    | Entered a sewer
  3222 | Sewer    | Noticed Pargi
  3234 | Sewer    | Killed Pargi
  3235 | Sewer    | Reached skill level 8 in Axes
  3480 | D:4      | Found a transporter.
  3580 | D:4      | Found a snail-covered altar of Cheibriados.
  3714 | D:4      | Found a radiant altar of Vehumet.
  3721 | D:4      | Reached skill level 9 in Axes
  3721 | D:4      | Reached XP level 7. HP: 43/59 MP: 6/6
  3890 | D:4      | Found a transporter.
  4004 | D:4      | Found a hazy altar of Hepliaklqana.
  4093 | D:5      | Entered Level 5 of the Dungeon
  4116 | D:5      | Reached skill level 10 in Axes
  4202 | D:5      | Found a burning altar of Makhleb.
  4385 | D:5      | Noticed Blork the orc
  4388 | D:5      | Killed Blork the orc
  4389 | D:5      | Reached skill level 1 in Dodging
  4389 | D:5      | Reached XP level 8. HP: 61/67 MP: 7/7
  4442 | D:5      | Found a staircase to the Ecumenical Temple.
  4455 | D:5      | Reached skill level 11 in Axes
  4620 | Temple   | Entered the Ecumenical Temple
  4689 | Temple   | Became a worshipper of Gozag Ym Sagoz the Greedy
  5875 | D:6      | Reached skill level 5 in Fighting
  6127 | D:6      | Found a stormy altar of Qazlal.
  6177 | D:6      | Found a sacrificial altar of Ru.
  6206 | D:6      | Found an ornate altar of the Wu Jian Council.
  6206 | D:6      | Found a shimmering altar of Xom.
  6266 | D:6      | Noticed a gargoyle
  6267 | D:6      | Noticed Prince Ribbit
  6272 | D:6      | Killed from afar by a gargoyle

Illustrated notes

Levels and vault maps discovered:
D:1:      arrival_aquarium_a, layout_basic, nicolae_ecumenical_snake_handling
D:2:      layout_basic, minmay_misc_feat_more_columns,
          chequers_hall_statues_wall_a
D:3:      layout_loops_cross, mainiacjoe_overflow_six_doors_small
D:4:      gammafunk_cloud_chamber, layout_basic, mainiacjoe_overflow_alcove_2,
          vehumet_altar_wand_db, amcnicky_altar_gilded, gup_sewer_entry_bowl
D:5:      layout_layer_cave, lemuel_crystal_altar, minmay_temple_entry_slanted,
          saegor_snake_ambush, uniq_blork_the_orc
D:6:      layout_gridville, mainiacjoe_overflow_concentric_impassable,
          lemuel_tele_altar, chequers_temple_overflow_statue_of_worship,
          uniq_sigmund, uniq_prince_ribbit1, uniq_crazy_yiuf_cottage
Temple:   cyrus_temple_forest

Skill      XL: |  1  2  3  4  5  6  7  8 |
---------------+-------------------------+-----
Axes           | 3 4 5 7 9 10 11 | 11.8
Fighting       | 4 5 |  5.5
Shields        | 4 |  4.2
Armour         | 4 |  4.0
Dodging        | 1 3 |  3.0

Action                   |  1- 3 |  4- 6 |  7- 9 || total
-------------------------+-------+-------+-------++-------
Melee: War axe           |    65 |   147 |    82 ||   294
       Headbutt          |     5 |    17 |    13 ||    35
  Use: Scroll            |       |     6 |       ||     6
       Potion            |       |       |     1 ||     1
Armor: Scale mail        |    30 |    95 |    20 ||   145
Dodge: Dodged            |    34 |    80 |    24 ||   138
Block: Buckler           |    13 |       |       ||    13
       Kite shield       |     1 |    67 |    37 ||   105
